 Dungeon Crawl Stone Soup version 0.31.0-11-ge490571c62 (webtiles) character file.

Game seed: 8454379593214151871

223 boopmooplesden the Covered (level 5, 0/45 HPs)
             Began as an Armataur Fighter on Jan 31, 2024.
             Slain by a gnoll
             ... wielding a +0 spear
             ... led by a gnoll bouda
              (3 damage)
             ... on level 4 of the Dungeon.
             The game lasted 00:04:08 (2439 turns).

boopmooplesden the Covered (Armataur Fighter)       Turns: 2439, Time: 00:04:10

Health: 0/45       AC: 12    Str: 21    XL:     5   Next: 66%
Magic:  5/5        EV:  1    Int:  8    God:
Gold:   215        SH:  5    Dex: 12    Spells: 4/4 levels left

rFire   + + .        a - +3 long sword
rCold   + + .        c - +0 buckler
rNeg    . . .        i - +1 gold dragon scales
rPois   +            (no helmet)
rElec   .            (no cloak)
rCorr   .            (no gloves)
SInv    .            (no barding)
Will    .....        (no amulet) Stlth
                     g - ring of protection from cold
HPRegen 0.27/turn    l - ring of protection from fire
MPRegen 0.09/turn

%: roll
@: no status effects
A: large, deformed body, tough skin 3, armoured tail, roll 1
a: no special abilities


You were on level 4 of the Dungeon.
You visited 1 branch of the dungeon, and saw 4 of its levels.

You collected 215 gold pieces.

Inventory:

Hand Weapons
 a - a +3 long sword (weapon)
Missiles
 f - 6 javelins (quivered)
Armour
 b - a +0 scale mail
 c - a +0 buckler (worn)
 h - a +0 chain mail
 i - +1 gold dragon scales (worn)
Jewellery
 g - a ring of protection from cold (left hand)
 l - a ring of protection from fire (right hand)
Talismans
 j - a blade talisman
Wands
 m - a wand of paralysis (3)
Scrolls
 k - a scroll of teleportation
 n - a scroll of amnesia
Potions
 d - a potion of brilliance
 e - a potion of resistance
 q - a potion of haste


   Skills:
 + Level 3.4 Fighting
 + Level 3.8 Long Blades
 + Level 5.0 Armour
 + Level 0.2 Dodging
 + Level 3.9 Shields


You had 4 spell levels left.
You didn't know any spells.
Your spell library contained the following spells:

 Spells                   Type           Power      Damage    Failure   Level
 Shock                    Conj/Air       0%         1d3       100%        1
 Call Canine Familiar     Summ           0%         N/A       100%        3
 Dazzling Flash           Conj/Hex       0%         N/A       100%        3
 Sigil of Binding         Hex            0%         N/A       100%        3
 Swiftness                Air            0%         N/A       100%        3
 Volatile Blastmotes      Fire/Tloc      0%         2d10      100%        3
 Airstrike                Air            0%         2d(0-16)  100%        4
 Dimensional Bullseye     Hex/Tloc       0%         N/A       100%        4
 Starburst                Conj/Fire      0%         6d3       100%        6
 Maxwell's Capacitive Co  Air            0%         ∞         100%        8


Dungeon Overview and Level Annotations

Branches:
Dungeon (4/15)
 Temple: D:4-7

Altars:

Shops:
D:4 *


Innate Abilities, Weirdness & Mutations

Armour fits poorly on your strangely shaped body.
You have extremely tough skin. (AC +3)
You have a long armoured tail.
You regenerate magic when rolling toward enemies. (Rampage MPRegen)


Message History

You barely miss the gnoll.
The gnoll is heavily wounded.
The gnoll hits you but does no damage. x2
You slash the gnoll!
You kill the gnoll!
The gnoll hits you but does no damage.
Your Armour skill increases to level 5!
A hobgoblin comes into view.
The gnoll hits you with a +0 spear.
Things that are here:
a +0 spear; a +0 whip; a gnoll corpse The gnoll completely misses you.
You hit the gnoll.
The gnoll is lightly wounded.
The gnoll hits you but does no damage.
You hit the gnoll.
The gnoll is moderately wounded.
The gnoll hits you but does no damage. The gnoll hits you with a +0 spear.
* * * LOW HITPOINT WARNING * * *
You slash the gnoll!
The gnoll is severely wounded.
The hobgoblin hits you.
* * * LOW HITPOINT WARNING * * *
The gnoll hits you but does no damage.
You barely miss the gnoll. You tail-slap the gnoll.
The gnoll is almost dead.
The hobgoblin hits you but does no damage.
The gnoll hits you with a +0 spear.
* * * LOW HITPOINT WARNING * * *
You closely miss the gnoll.
The gnoll is almost dead.
The hobgoblin hits you but does no damage.
The gnoll hits you but does no damage.
You closely miss the gnoll.
The gnoll is almost dead.
You block the hobgoblin's attack. The gnoll hits you with a +0 spear.
* * * LOW HITPOINT WARNING * * *
The hobgoblin hits you but does no damage.
The gnoll hits you with a +0 spear.
You die...

...####..#..#
..## #......####
###
####......###
#........##
.....#.......#
##
......######..#
..###
####..####.#..#
....
........#)###..#
... #...@g#...#
...
####....g....##
........).....##
........=......#
......∩........#
..............##
........##....#
.......## ....#
....... .#...#


You could see a gnoll and a hobgoblin.

Vanquished Creatures
  A jelly (D:4)
  Robin (D:2)
  8 gnolls
  3 adders
  3 ribbon worms
  3 dart slugs (D:1)
  2 ball pythons
  4 bats
  3 endoplasms
  A giant cockroach (D:2)
  15 goblins
  9 hobgoblins
  7 kobolds
  A quokka (D:2)
  3 frilled lizards
  3 rats
67 creatures vanquished.

Notes
Turn   | Place    | Note
-------+----------+-------------------------------------------
     0 | D:1      | boopmooplesden the Armataur Fighter began the quest for the
                  | Orb.
     0 | D:1      | Reached XP level 1. HP: 18/18 MP: 1/1
   202 | D:1      | Reached XP level 2. HP: 19/25 MP: 2/2
   279 | D:1      | Reached skill level 4 in Armour
   666 | D:2      | Found a faded altar of an unknown god.
   693 | D:2      | Reached XP level 3. HP: 28/31 MP: 3/3
   709 | D:2      | Reached XP level 4. HP: 8/38 MP: 4/4
   965 | D:2      | Noticed Robin
  1002 | D:2      | Killed Robin
  1506 | D:3      | Reached XP level 5. HP: 45/45 MP: 5/5
  2104 | D:4      | HP: 2/45 [sleepcap (20)]
  2391 | D:4      | Found Ituheept's Assorted Antiques.
  2432 | D:4      | Reached skill level 5 in Armour
  2439 | D:4      | Slain by a gnoll

Illustrated notes

Levels and vault maps discovered:
D:1:      dreamdust_arrival_sigmund_warning, layout_basic,
          amcnicky_mini_rare_corridor_liquid
D:2:      layout_rooms, hellmonk_ecumenical_altar_lost_god, uniq_robin
D:3:      layout_basic
D:4:      layout_cave_pools, serial_shops, shop, saegor_snake_ambush

Skill      XL: |  1  2  3  4  5 |
---------------+----------------+-----
Armour         | 4 5 |  5.0
Fighting       | 3 |  3.4
Long Blades    | 2 3 |  3.8
Dodging        | |  0.2
Shields        | |  3.9

Action                     |  1- 3 |  4- 6 || total
---------------------------+-------+-------++-------
  Melee: Long sword        |    74 |   135 ||   209
         Tailslap          |    12 |    13 ||    25
    Use: Scroll            |     3 |    10 ||    13
         Potion            |     1 |     1 ||     2
 Armour: Scale mail        |    35 |       ||    35
         Gold dragon scale |    58 |   199 ||   257
  Dodge: Dodged            |    15 |    10 ||    25
  Block: Buckler           |    12 |    41 ||    53
